 Dungeon Crawl Stone Soup version 0.30-a0-900-g23479c02f2 (webtiles) character file.

Game seed: 1071910813468902120

716 buddhastalin the Trooper (level 7, 0/84 HPs)
             Began as a Demonspawn Gladiator on Mar 18, 2023.
             Slain by Pikel
             ... wielding a +0 whip of flaming
              (5 damage)
             ... on level 5 of the Dungeon.
             The game lasted 00:10:57 (4039 turns).

buddhastalin the Trooper (Demonspawn Gladiator)     Turns: 4039, Time: 00:10:58

Health: 0/84       AC: 23    Str: 17 (20) XL:     7   Next: 41%
Magic:  7/7        EV:  2    Int: 14      God:
Gold:   354        SH:  0    Dex: 12 (14) Spells: 6/6 levels left

rFire   + . .      SeeInvis .    a - +0 trident
rCold   . . .      Faith    .    (no shield)
rNeg    . . .      Spirit   .    k - melded +2 chain mail {rC+}
rPois   +          Reflect  .    c - melded +0 helmet
rElec   .          Rampage  .    r - melded scarf {rC+ rF+}
rCorr   .          NoTele   +    b - melded +0 pair of gloves
Will    .....                    (boots currently unavailable)
Stlth   +                        (no amulet)
HPRegen 0.34/turn                j - +6 ring of strength
MPRegen 0.10/turn                y - ring of protection from fire

@: tree-form
A: stationary, stasis, torment immunity, boosted hp, (hooves 1), foul stench 1,
big brain 1
a: no special abilities


You were on level 5 of the Dungeon.
You were a tree.
You visited 2 branches of the dungeon, and saw 6 of its levels.

You collected 354 gold pieces.

Inventory:

Hand Weapons
 a - a +0 trident (weapon)
Missiles
 d - 3 throwing nets
 e - a javelin
 A - 6 poisoned darts (quivered)
Armour
 b - a +0 pair of gloves (melded)
 c - a +0 helmet (melded)
 k - a +2 chain mail of cold resistance (melded)
 r - a scarf of resistance (melded)
Jewellery
 j - a +6 ring of strength (left branch)
 o - an amulet of reflection
 y - a ring of protection from fire (right branch)
Scrolls
 f - 6 scrolls of identify {unknown}
 g - 2 scrolls of vulnerability {unknown}
 i - a scroll of fog {unknown}
 l - 2 scrolls of enchant weapon {unknown}
 m - 2 scrolls of poison {unknown}
 n - 2 scrolls of amnesia {unknown}
 q - 2 scrolls of immolation {unknown}
 s - a scroll of teleportation {unknown}
 w - a scroll of enchant armour {unknown}


   Skills:
 * Level 5.4 Fighting
 * Level 5.4 Polearms
 - Level 1.7 Throwing
 + Level 1.0 Armour
 - Level 4.0 Dodging


You had 6 spell levels left.
You didn't know any spells.
Your spell library contained the following spells:

 Spells                   Type           Power      Damage    Failure   Level
 Dazzling Flash           Conj/Hex       0%         N/A       65%         3
 Hailstorm                Conj/Ice       0%         3d3       65%         3
 Ice Form                 Ice/Tmut       0%         N/A       96%         4
 Agony                    Necr           0%         N/A       100%        5
 Silence                  Hex/Air        0%         N/A       100%        5
 Simulacrum               Ice/Necr       0%         N/A       100%        6


Dungeon Overview and Level Annotations

Branches:
Dungeon (5/15)             Temple (1/1) D:4

Altars:
Cheibriados
Gozag
Hepliaklqana
Kikubaaqudgha
Makhleb
Qazlal
Ru
Sif Muna
Trog
Uskayaw
Yredelemnul

Shops:
D:1 =

Annotations:
D:5 Pikel


Innate Abilities, Weirdness & Mutations

You are a tree.
Your roots penetrate the ground, keeping you stationary.
You cannot be teleported.
You are immune to unholy pain and torment.
Your maximum health is greatly increased.
Your equipment is partially melded.
((You have large cloven feet.))
You may rarely emit foul miasma when damaged in melee.
You have an unusually large brain. (Int +2)


Message History

A lemure comes into view.
Pikel hits you but does no damage. The lemure barely misses you.
You feel less invigorated.
You feel less confused.
The lemure shouts!
Pikel hits you but does no damage. The lemure hits you but does no damage.
You closely miss Pikel. You kick Pikel, but do no damage.
Pikel is heavily wounded.
Pikel hits you with a +0 whip of flaming!
* * * LOW HITPOINT WARNING * * *
The lemure hits you but does no damage.
You feel better.
Pikel hits you with a +0 whip of flaming.
* * * LOW HITPOINT WARNING * * *
The lemure closely misses you.
It was a potion of lignification.
You turn into a tree.
Your scarf of resistance melds into your body.
Your +0 helmet melds into your body.
Your +0 pair of gloves melds into your body.
Your +2 chain mail of cold resistance melds into your body.
You feel hot and cold all over.
You feel less resistant to cold.
Your roots penetrate the ground.
Pikel says, "You'll make a fine lemure."
Pikel hits you but does no damage. The lemure hits you but does no damage.
You hit Pikel.
Pikel is heavily wounded.
Pikel hits you with a +0 whip of flaming!
* * * LOW HITPOINT WARNING * * *
Pikel burns you.
* * * LOW HITPOINT WARNING * * *
The lemure hits you.
* * * LOW HITPOINT WARNING * * *
You closely miss Pikel.
Pikel is heavily wounded.
Pikel hits you but does no damage. The lemure hits you but does no damage.
Pikel hits you but does no damage. The lemure hits you but does no damage.
You barely miss Pikel.
Pikel is heavily wounded.
Pikel hits you with a +0 whip of flaming.
You die...

# ### ..# ######
......
##################
.S............5#.#
.#####.K.....5SK.#
.5.......#####.#♣#
#.##........##.#5##
...#......#.##....#
.K.#......#.#######
...##..#....#
#5##.[....###
#.###..##.#
#.#########
...###...#


You could see Pikel, 3 lemures and an adder.

Vanquished Creatures
  Duvessa (D:4)
  An ice beast (D:5)
  2 scorpions (D:4)
  Dowan (D:4)
  2 howler monkeys
  A hound (D:4)
  An orc priest (D:3)
  A jelly (D:5)
  2 orc wizards (D:4)
  An iguana (D:4)
  7 adders (D:3)
  2 dart slugs (D:3)
  20 orcs
  5 bats
  5 endoplasms
  A giant cockroach (D:2)
  4 goblins
  3 hobgoblins
  6 jackals
  4 quokkas
  5 ball pythons
  4 frilled lizards
  7 kobolds
  3 rats
89 creatures vanquished.

Notes
Turn   | Place    | Note
-------+----------+-------------------------------------------
     0 | D:1      | buddhastalin the Demonspawn Gladiator began the quest for
                  | the Orb.
     0 | D:1      | Reached XP level 1. HP: 16/16 MP: 1/1
   198 | D:1      | Gained mutation: You have an unusually large brain. (Int
                  | +2) [demonic ancestry]
   198 | D:1      | Reached XP level 2. HP: 22/22 MP: 2/2
   209 | D:1      | Found Gucetz's Jewellery Emporium.
   430 | D:1      | Found a faded altar of an unknown god.
   751 | D:2      | Gained mutation: You may rarely emit foul miasma when
                  | damaged in melee. [demonic ancestry]
   751 | D:2      | Reached XP level 3. HP: 28/28 MP: 3/3
  1464 | D:3      | Reached XP level 4. HP: 34/35 MP: 4/4
  1471 | D:3      | Found a snail-covered altar of Cheibriados.
  1795 | D:3      | Found a shimmering blue altar of Sif Muna.
  1926 | D:3      | Found a hide-covered altar of Uskayaw.
  2244 | D:4      | Reached XP level 5. HP: 34/42 MP: 5/5
  2278 | D:4      | Noticed Dowan
  2297 | D:4      | Noticed Duvessa
  2587 | D:4      | Reached XP level 6. HP: 29/49 MP: 6/6
  2800 | D:4      | Found an opulent altar of Gozag.
  2809 | D:4      | Found a basalt altar of Yredelemnul.
  2870 | D:4      | Found a burning altar of Makhleb.
  3138 | D:4      | Killed Duvessa
  3164 | D:4      | Killed Dowan
  3165 | D:4      | Reached skill level 5 in Fighting
  3165 | D:4      | Reached skill level 5 in Polearms
  3165 | D:4      | Gained mutation: You have large cloven feet. [demonic
                  | ancestry]
  3165 | D:4      | Reached XP level 7. HP: 17/56 MP: 7/7
  3495 | D:4      | Found a staircase to the Ecumenical Temple.
  3504 | Temple   | Entered the Ecumenical Temple
  3720 | D:5      | Entered Level 5 of the Dungeon
  3841 | D:5      | Reached skill level 1 in Armour
  3974 | D:5      | Noticed Pikel
  4039 | D:5      | Slain by Pikel

Illustrated notes

Levels and vault maps discovered:
D:1:      kennysheep_arrival_seaside, layout_basic, serial_shops,
          nicolae_shop_advertising_works [nicolae_subvault_shop_adworks],
          shapermc_ecumenical_altar_notcrosses, hex_large
D:2:      layout_loops_ring, serial_rivers, chequers_serial_rivers_large_a,
          chequers_serial_rivers_micro_b, chequers_serial_rivers_small_a,
          chequers_serial_rivers_micro_e, guppyfry_early_lair_pool
D:3:      layout_rooms, nicolae_uskayaw_suspiria,
          mainiacjoe_overflow_tiny_flanked, nicolae_sif_muna_little_library,
          chequers_serial_rivers_micro_c, nicolae_half_adder
D:4:      layout_loops_ring, mainiacjoe_overflow_alcove_2,
          amcnicky_altar_gilded, lightli_temple_of_fire,
          lemuel_temple_firewalk_b, uniq_duvessa
D:5:      layout_basic, old_standard_altar, elyvilon_altar_1, uniq_pikel
Temple:   nicolae_temple_ecumenical_triangle

Skill      XL: |  1  2  3  4  5  6  7 |
---------------+----------------------+-----
Polearms       | 3 4 5 |  5.4
Dodging        | 3 4 |  4.0
Fighting       | 3 4 5 |  5.4
Armour         | 1 |  1.0
Throwing       | |  1.7

Action                     |  1- 3 |  4- 6 |  7- 9 || total
---------------------------+-------+-------+-------++-------
  Melee: Trident           |   116 |   163 |    62 ||   341
         Punch             |     3 |       |     3 ||     6
         Kick              |       |       |    26 ||    26
  Throw: Dart              |       |     1 |       ||     1
    Use: Potion            |       |     6 |     4 ||    10
   Stab: Sleeping          |     2 |       |       ||     2
         Invisible         |       |     2 |       ||     2
 Armour: Leather armour    |    34 |    43 |       ||    77
         Chain mail        |       |       |    28 ||    28
         Skin              |       |       |     6 ||     6
  Dodge: Dodged            |    69 |    69 |    29 ||   167

Table legend: (Time is in decaauts)
 A = Elapsed time spent in this place.
 B = Non-inter-level travel time spent in this place.
 C = Inter-level travel time spent in this place.
 D = Time resting spent in this place.
 E = Time spent auto-exploring this place.
 F = Levels seen in this place.
 G = Mean time per level.
                   A        B        C        D        E       F      G
               +--------+--------+--------+--------+--------+-----+--------+
         Total |   4091 |   3946 |    145 |    675 |   2349 |   6 |  681.8 |
       Dungeon |   4038 |   3893 |    145 |    675 |   2311 |   5 |  807.6 |
        Temple |     53 |     53 |      0 |      0 |     38 |   1 |   53.0 |
               +--------+--------+--------+--------+--------+-----+--------+

Top non-repeatable levels by time:
     D:4: 1376 daAuts
     D:3: 890 daAuts
     D:2: 802 daAuts
     D:1: 647 daAuts
     D:5: 320 daAuts
  Temple: 53 daAuts
